 Dungeon Crawl Stone Soup version 0.24.1-1-gd1d2a07e1b (webtiles) character file.

Game seed: 15409871666155721617, levelgen mode: deterministic

2501 nightchill the Cleaver (level 9, -1/63 HPs)
             Began as a Halfling Berserker on Apr 7, 2020.
             Was a Priest of Trog.
             Slain by an orc warrior
             ... wielding a +0 scimitar
              (8 damage)
             ... while paralysed
             ... on level 8 of the Dungeon.
             The game lasted 00:25:19 (9102 turns).

nightchill the Cleaver (Halfling Berserker)         Turns: 9102, Time: 00:25:20

Health: -1/63      AC:  6    Str: 19    XL:     9   Next: 82%
Magic:  9/9        EV:  3    Int:  7    God:    Trog [***...]
Gold:   271        SH:  0    Dex: 14    Spells: 8/8 levels left

rFire    + . .     SeeInvis .   a - +3 war axe
rCold    x . .     Gourm    .   D - +0 buckler
rNeg     . . .     Faith    .   B - +0 ring mail
rPois    .         Spirit   .   u - +0 helmet
rElec    .         Reflect  .   (no cloak)
rCorr    .         Harm     .   (no gloves)
MR       .....                  (no boots)
Stlth    +.........             (no amulet)
HPRegen  0.20/turn              (no ring)
MPRegen  0.11/turn              E - ring of fire

@: paralysed, berserk cooldown, fainting, slowed, lightly drained
A: small, mutation resistance 1
a: Berserk, Trog's Hand, Renounce Religion


You were on level 8 of the Dungeon.
You worshipped Trog.
Trog was most pleased with you.
You were fainting.

You visited 1 branch of the dungeon, and saw 8 of its levels.

You collected 271 gold pieces.

Inventory:

Hand Weapons
 a - a +3 war axe (weapon)
 b - a +1 hunting sling
Missiles
 e - 153 stones (quivered)
 m - 4 curare-tipped darts
 s - 44 sling bullets
 M - 9 poisoned darts
 N - a throwing net
Armour
 u - a +0 helmet (worn)
 B - a +0 ring mail (worn)
 D - a +0 buckler (worn)
Jewellery
 j - an uncursed ring of flight
 E - a ring of fire (right hand)
Wands
 K - a wand of iceblast (8)
 O - a wand of polymorph (8)
Scrolls
 f - a scroll of fear
 h - 3 scrolls of remove curse
 i - 2 scrolls of magic mapping
 n - 2 scrolls of teleportation
 q - a scroll of enchant weapon
 v - a scroll of noise
 w - a scroll of identify {unknown}
 F - a scroll of immolation
 H - 2 scrolls of fog {unknown}
Potions
 d - a potion of ambrosia {unknown}
 g - 2 potions of berserk rage {unknown}
 o - 5 potions of heal wounds {unknown}
 t - a potion of magic {unknown}
 x - 3 potions of agility {unknown}
 z - 2 potions of curing {unknown}
 A - 2 potions of haste {unknown}
 C - 2 potions of flight {unknown}
 G - a potion of mutation {unknown}
 P - a potion of lignification {unknown}
Comestibles
 c - 4 rations


   Skills:
 + Level 6.4(6.2) Fighting
 * Level 9.7(9.4) Axes
 + Level 8.2(7.9) Slings
 - Level 2.1(2.0) Armour
 - Level 2.1(2.0) Dodging


You had 8 spell levels left.
You didn't know any spells.
Your spell library was empty.

Dungeon Overview and Level Annotations

Branches:
Dungeon (8/15)             Temple (0/1) D:4
   Lair: D:8-11

Altars:
Cheibriados
Nemelex Xobeh
Ru
Trog
Uskayaw
Yredelemnul

Annotations:
D:3 3 runed translucent doors, Crazy Yiuf; Sassenached's ghost, amateur DsAK


Innate Abilities, Weirdness & Mutations

You are small and have problems with some larger weapons.
You are somewhat resistant to further mutation.


Message History

You hit the orc warrior but do no damage.
The orc warrior splashes around in the water.
You closely miss the orc warrior.
The orc warrior hits you with a +0 scimitar!
You slash the orc warrior!
The orc warrior is heavily wounded.
You block the orc warrior's attack.
The orc warrior hits you with a +0 scimitar!
You hit the orc warrior.
The orc warrior is heavily wounded.
You lose consciousness!
The orc warrior splashes around in the water.
The orc warrior hits you with a +0 scimitar!
* * * LOW HITPOINT WARNING * * *
The orc warrior hits you with a +0 scimitar!
* * * LOW HITPOINT WARNING * * *
The orc warrior completely misses you.
The giant cockroach waves its antennae.
The orc warrior hits you with a +0 scimitar!
You die...

### ##### $..##
##..[##
...).#####.....#
.O.s).#.....(..#
..o...##...Os..#
.oo≈...#.##o{Y##
.?.≈?s.#(###o##
.≈≈≈≈≈.'.# #o#
.o.≈[..### #@#
.c.≈... #.#
(.....# #.#
...... #.#
.....# #.# $..##
#[# ### #.###
#...# ###.#


You could see an orc warrior, an ice beast, an ogre, an orc wizard, an orc and a
giant cockroach.

Vanquished Creatures
  A hungry ghost (D:8)
  A sky beast (D:8)
  An ogre (D:7)
  3 centaurs
  Blork the orc (D:4)
  3 bullfrogs
  A wyvern skeleton (D:7)
  5 wights (D:7)
  2 howler monkeys (D:7)
  3 crimson imps
  A bullfrog zombie (D:5)
  2 jellies (D:5)
  2 orc priests
  9 hounds
  A bullfrog skeleton (D:6)
  3 orc wizards
  Natasha (thrice) (D:2)
  10 worker ants
  A hound skeleton (D:6)
  Robin (D:2)
  7 gnolls
  6 adders
  A shadow imp (D:2)
  An adder skeleton (D:6)
  3 worms
  7 dart slugs
  5 leopard geckos
  21 orcs
  6 bats
  6 giant cockroaches
  19 goblins
  8 hobgoblins
  12 jackals
  2 quokkas
  2 ball pythons
  A ball python zombie (D:5)
  7 frilled lizards
  9 kobolds
  A leopard gecko skeleton (D:6)
  A leopard gecko zombie (D:5)
  10 rats
189 creatures vanquished.

Vanquished Creatures (collateral kills)
  Duvessa (D:7)
  Dowan (D:7)
  A howler monkey (D:7)
  An adder (D:7)
4 creatures vanquished.

Grand Total: 193 creatures vanquished

Notes
Turn   | Place    | Note
-------+----------+-------------------------------------------
     0 | D:1      | nightchill the Halfling Berserker began the quest for the
                  | Orb.
     0 | D:1      | Reached XP level 1. HP: 15/15 MP: 1/1
   257 | D:1      | Reached XP level 2. HP: 20/20 MP: 2/2
   723 | D:1      | Reached XP level 3. HP: 26/26 MP: 3/3
  1246 | D:1      | Reached ** piety under Trog
  1538 | D:2      | Reached skill level 4 in Axes
  1802 | D:2      | Reached XP level 4. HP: 31/31 MP: 4/4
  2109 | D:2      | Noticed Natasha
  2130 | D:2      | Killed Natasha
  2400 | D:2      | Reached XP level 5. HP: 24/36 MP: 5/5
  2446 | D:2      | Noticed Natasha
  2462 | D:2      | Killed Natasha
  2473 | D:2      | Reached skill level 5 in Axes
  2636 | D:2      | Noticed Natasha
  2653 | D:2      | Killed Natasha
  2699 | D:2      | Noticed Robin
  2756 | D:2      | Killed Robin
  2756 | D:2      | Reached skill level 1 in Slings
  2760 | D:2      | Reached *** piety under Trog
  3092 | D:3      | Found a runed translucent door.
  3097 | D:3      | Noticed Sassenached's ghost (amateur DsAK)
  3294 | D:3      | Reached XP level 6. HP: 38/43 MP: 6/6
  3495 | D:3      | Found a sacrificial altar of Ru.
  3608 | D:3      | Found a runed translucent door.
  3609 | D:3      | Noticed Crazy Yiuf
  3675 | D:3      | Found a runed translucent door.
  4056 | D:4      | Found a staircase to the Ecumenical Temple.
  4057 | D:4      | Noticed Blork the orc
  4067 | D:4      | Killed Blork the orc
  4124 | D:4      | Reached XP level 7. HP: 34/48 MP: 7/7
  4303 | D:4      | Reached skill level 6 in Axes
  4592 | D:4      | Reached **** piety under Trog
  4769 | D:4      | Found a basalt altar of Yredelemnul.
  4891 | D:4      | Found a bloodstained altar of Trog.
  5213 | D:5      | Entered Level 5 of the Dungeon
  5294 | D:5      | Reached XP level 8. HP: 52/54 MP: 8/8
  5326 | D:5      | Reached skill level 7 in Axes
  5383 | D:5      | Found a sparkling altar of Nemelex Xobeh.
  5723 | D:5      | Reached skill level 5 in Fighting
  5723 | D:5      | Reached skill level 5 in Slings
  6713 | D:6      | Got a thick robe
  7145 | D:6      | Reached skill level 8 in Axes
  7228 | D:6      | Reached XP level 9. HP: 43/61 MP: 9/9
  7367 | D:6      | Received a gift from Trog
  7801 | D:6      | Found a snail-covered altar of Cheibriados.
  7917 | D:7      | Noticed Dowan
  7924 | D:7      | Noticed Duvessa
  7939 | D:7      | Killed Duvessa
  7945 | D:7      | Killed Dowan
  8094 | D:7      | Reached skill level 9 in Axes
  8856 | D:7      | Found a hide-covered altar of Uskayaw.
  9023 | D:8      | Identified the +1 robe of Youthful Indiscretion {rElec rC-
                  | rN+ rCorr} (You found it on level 6 of the Dungeon)
  9098 | D:8      | Paralysed by fainting for 6 turns
  9102 | D:8      | Slain by an orc warrior

Levels and vault maps discovered:
D:1:      psy_arrival_spokes, layout_basic
D:2:      layout_basic, minmay_statues_item, uniq_natasha, uniq_robin
D:3:      kennysheep_six_static_rooms, layout_basic, nicolae_ru_awakened_eye,
          ebering_ghost_sewer_f, uniq_crazy_yiuf_cottage
D:4:      layout_rooms, kennysheep_mini, lemuel_round_altar,
          minmay_temple_entry_wispy, uniq_blork_the_orc
D:5:      layout_layer_cave, overflow_temple_1_default, first_ration,
          chequers_decorated_corner
D:6:      layout_rooms, kennysheep_slug_shrine
D:7:      layout_loops_ring, basic_altar, uniq_duvessa
D:8:      layout_loops_ring, kennysheep_mini_moat, bloody_makhleb,
          ebering_ghost_disaster_area, basic_altar, grunt_potential,
          uniq_joseph, uniq_grum

Skill      XL: |  1  2  3  4  5  6  7  8  9 |
---------------+----------------------------+-----
Fighting       | 3 4 5 6 |  6.4
Axes           | 4 5 6 8 9 |  9.7
Slings         | 1 2 4 6 8 |  8.2
Armour         | |  2.1
Dodging        | |  2.1

Action                   |  1- 3 |  4- 6 |  7- 9 || total
-------------------------+-------+-------+-------++-------
Melee: Hand axe          |    98 |   177 |    96 ||   371
       War axe           |       |       |   298 ||   298
 Fire: Hunting sling     |       |       |    17 ||    17
Throw: Stone             |       |     2 |       ||     2
Invok: Berserk           |     3 |     9 |     8 ||    20
       Trog's Hand       |       |       |     5 ||     5
       Brothers in Arms  |       |       |     1 ||     1
  Use: Scroll            |       |       |     9 ||     9
  Eat: Chunk             |     5 |    16 |    21 ||    42
       Ration            |       |       |     1 ||     1
Armor: Animal skin       |    15 |       |       ||    15
       Robe              |     2 |    15 |       ||    17
       Leather armour    |       |     8 |     9 ||    17
       Ring mail         |       |       |    87 ||    87
Dodge: Dodged            |    56 |   121 |   263 ||   440
Block: Buckler           |       |       |     8 ||     8
